 Dungeon Crawl Stone Soup version 0.14-a0-2091-gca92d1a (webtiles) character file.

204 Kae the Firebug (level 4, -1/24 HPs)
             Began as a Tengu Fire Elementalist on Jan 25, 2014.
             Slain by an orc wizard
             ... wielding a -1,+0 orcish mace
              (6 damage)
             ... on Level 3 of the Dungeon.
             The game lasted 00:03:56 (2625 turns).

Kae the Firebug (Tengu Fire Elementalist)           Turns: 2625, Time: 00:03:57

HP  -1/24        AC  4     Str  8      XL: 4   Next: 80%
MP   4/9         EV 12     Int 17      God:
Gold 100         SH  0     Dex 14      Spells:  3 memorised,  2 levels left

rFire  . . .     SeeInvis .     w - +1,+2 orc mace
rCold  . . .     Clarity  .     a - +0 robe
rNeg   . . .     Conserve .     (no shield)
rPois  .         rCorr    .     (helmet restricted)
rElec  .         rRot     .     (no cloak)
SustAb . .       Spirit   .     f - +1 pair of orc gloves
rMut   .         Warding  .     (boots unavailable)
Saprov . . .     Stasis   .     (no amulet)
MR     .....                    (no ring)
                                (no ring)

@: very slightly contaminated, not resistant to hostile enchantments, fairly
stealthy
A: beak, talons 3
a: no special abilities


You were on level 3 of the Dungeon.
You were not hungry.

You visited 1 branch of the dungeon, and saw 3 of its levels.

You collected 100 gold pieces.

Inventory:

Hand weapons
 q - a +0,+0 mace
 w - a +1,+2 orcish mace (weapon)
Missiles
 z - a tomahawk (quivered)
Armour
 a - a +0 robe (worn)
 f - a +1 pair of orcish gloves (worn)
Magical devices
 n - a wand of random effects (8)
 p - a wand of digging (7)
Comestibles
 c - 3 bread rations
 r - a snozzcumber
 s - an apple
 v - a pear
 x - a rotting chunk of worm flesh
Scrolls
 d - 2 scrolls of amnesia {unknown}
 e - 5 scrolls of identify {unknown}
 g - 2 scrolls of curse weapon {unknown}
 k - a scroll of random uselessness {unknown}
 o - 2 scrolls of enchant weapon I {unknown}
 t - a scroll of recharging {unknown}
 y - a scroll of fog {unknown}
 A - a scroll of remove curse {unknown}
Potions
 j - a potion of beneficial mutation {unknown}
 l - a potion of lignification {unknown}
 m - a potion of porridge
 u - a potion of confusion {unknown}
Books
 b - a book of Flames

   Spells                             Type                      Level
   *Flame Tongue                      Conjuration/Fire             1
   *Throw Flame                       Conjuration/Fire             2
   *Conjure Flame                     Conjuration/Fire             3
   Inner Flame                        Hexes/Fire                   3
   Sticky Flame                       Conjuration/Fire             4
   Fireball                           Conjuration/Fire             5
Magical staves
 i - an uncursed staff of earth


   Skills:
 - Level 2.1 Dodging
 - Level 2.0 Stealth
 + Level 2.9 Spellcasting
 * Level 3.6 Conjurations
 * Level 4.3 Fire Magic


You had 2 spell levels left.
You knew the following spells:

 Your Spells              Type           Power        Failure   Level  Hunger
a - Flame Tongue          Conj/Fire      ###..        3%          1    None
b - Throw Flame           Conj/Fire      ###...       6%          2    ##.....
c - Conjure Flame         Conj/Fire      ###.....     12%         3    ###....


Dungeon Overview and Level Annotations

Branches:
Dungeon (3/16)

Altars:
Elyvilon


Innate Abilities, Weirdness & Mutations

You have a beak for a mouth.
You have claws for feet.


Message History

Aiming: Flame Tongue
Press: ? - help, Shift-Dir - straight line The flame hits something.
You hear some strange, mumbled words.
You are confused.
You're too confused to cast spells.
Drink which item? (? for menu, Esc to quit)
You feel better.
It was a potion of curing.
Something hits you!
* * * LOW HITPOINT WARNING * * *
Casting: Flame Tongue
Confirm with . or Enter, or press ? or * to list all spells.
You can't see any susceptible monsters within range! (Use Z to cast anyway.)
Casting: Flame Tongue
Confirm with . or Enter, or press ? or * to list all spells.
Aiming: Flame Tongue
Press: ? - help, Shift-Dir - straight line You miscast Flame Tongue.
You are very lightly contaminated with residual magic.
Nothing appears to happen.
Something hits you.
You die...

......##.##.#
##.##.#
......##.##.##
#.. .#
.(....##.##..#
#.####
#..#####.###.#
#.# #.## #.#
#.# #.# #.#
###.###.# #.#
#.# #.......#
#.# ..#
#.#.########.#
###
#..)....$@{#
##
##########.#
## .. .# .##
.# .# ..##.#
.# #..#(# .#
##.(.# .#
###..# .#
oo#..# .


There were no monsters in sight!

Vanquished Creatures
  Terence (D:2)
  2 adders
  A giant mite (D:2)
  2 worms
  4 orcs
  A bat zombie (D:1)
  4 goblins
  2 hobgoblins
  2 jackals (D:2)
  7 kobolds
  A quokka (D:2)
  A ball python zombie (D:1)
  8 bats
  4 giant cockroaches
  4 giant geckos
  5 giant newts
  6 rats
55 creatures vanquished.

Notes
Turn   | Place    | Note
--------------------------------------------------------------
     0 | D:1      | Kae, the Tengu Fire Elementalist, began the quest for the Orb.
     0 | D:1      | Reached XP level 1. HP: 10/10 MP: 3/3
   372 | D:1      | Reached XP level 2. HP: 7/15 MP: 3/5
  1000 | D:2      | Reached XP level 3. HP: 17/19 MP: 0/7
  1524 | D:2      | Noticed Terence
  1551 | D:2      | Killed Terence
  1551 | D:2      | Reached skill level 4 in Fire Magic
  1551 | D:2      | Reached XP level 4. HP: 8/24 MP: 0/9
  2449 | D:3      | Found a white marble altar of Elyvilon.
  2449 | D:3      | Noticed an angel
  2588 | D:3      | Learned a level 2 spell: Throw Flame
  2592 | D:3      | Learned a level 3 spell: Conjure Flame
  2625 | D:3      | Slain by an orc wizard

Action                   |  1- 3 |  4- 6 || total
-------------------------+-------+-------++-------
Melee: Unarmed           |    42 |       ||    42
       Mace              |       |    36 ||    36
 Cast: Flame Tongue      |    59 |    25 ||    84
Evoke: Wand              |     6 |       ||     6
  Use: Potion            |       |     1 ||     1
 Stab: Paralysed         |     8 |       ||     8
       Sleeping          |       |     3 ||     3
